 Dungeon Crawl Stone Soup version 0.28.0-45-g0d030f2227 (webtiles) character file.

Game seed: 5387995050506579804

77 jimonade the Sneak (level 4, -2/27 HPs)
             Began as a Kobold Brigand on Apr 6, 2022.
             Slain by a water moccasin zombie (6 damage)
             ... on level 3 of the Dungeon.
             The game lasted 00:04:35 (1403 turns).

jimonade the Sneak (Kobold Brigand)                 Turns: 1403, Time: 00:04:36

Health: -2/27      AC:  5    Str: 10    XL:     4   Next: 60%
Magic:  4/4        EV: 14    Int: 12    God:
Gold:   125        SH:  0    Dex: 16    Spells: 3/3 levels left

rFire   . . .      SeeInvis .   a - +2 dagger
rCold   . . .      Faith    .   (no shield)
rNeg    . . .      Spirit   .   b - +0 robe
rPois   .          Reflect  .   j - +2 hat
rElec   .          Harm     .   c - +0 cloak
rCorr   .          Rampage  .   (no gloves)
Will    .....                   (no boots)
Stlth   +++++.....              (no amulet)
HPRegen 0.09/turn               (no ring)
MPRegen 0.09/turn               (no ring)

@: no status effects
A: small, no large weapons, nightstalker 3
a: no special abilities


You were on level 3 of the Dungeon.
You visited 1 branch of the dungeon, and saw 3 of its levels.

You collected 125 gold pieces.

Inventory:

Hand Weapons
 a - a +2 dagger (weapon)
 m - a +0 rapier
 r - a +0 falchion
Missiles
 d - 8 poisoned darts (quivered)
 e - 2 curare-tipped darts
 k - 18 sling bullets
 l - 33 stones
 o - 24 arrows
Armour
 b - a +0 robe (worn)
 c - a +0 cloak (worn)
 j - a +2 hat (worn)
 q - a +0 ring mail
Wands
 p - a wand of flame (11)
Scrolls
 g - 6 scrolls of identify {unknown}
 i - a scroll of fear {unknown}
 n - 2 scrolls of vulnerability {unknown}
Potions
 f - a potion of lignification {unknown}
 h - a potion of mutation {unknown}


   Skills:
 * Level 2.3 Fighting
 - Level 2.6 Short Blades
 + Level 2.1 Throwing
 + Level 1.3 Dodging
 * Level 7.8 Stealth


You had 3 spell levels left.
You didn't know any spells.
Your spell library was empty.

Dungeon Overview and Level Annotations

Branches:
Dungeon (3/15)

Altars:
Gozag
Trog
Yredelemnul


Innate Abilities, Weirdness & Mutations

You are small and have problems with some larger weapons.
You are completely attuned to the shadows.


Message History

a +0 short sword; a rat corpse A ball python comes into view.
The ball python moves out of view.
A water moccasin zombie comes into view.
The water moccasin zombie moves out of view.
Found a stone staircase leading up.
Found 2 gold pieces.
Found 2 gold pieces.
Found an opulent altar of Gozag.
Press: ? - help, v - describe, . - travel
Here: a water moccasin zombie (wandering, hasn't noticed you)
The floor.
Unknown command.
A hobgoblin comes into view. It is wielding a +0 club.
The water moccasin zombie barely misses you.
The water moccasin zombie bites you.
You closely miss the water moccasin zombie.
You punch the water moccasin zombie.
The water moccasin zombie is lightly damaged.
The water moccasin zombie misses you.
You closely miss the water moccasin zombie.
The water moccasin zombie is lightly damaged.
The water moccasin zombie bites you.
You completely miss the water moccasin zombie.
The water moccasin zombie is lightly damaged.
The water moccasin zombie misses you.
You hit the water moccasin zombie.
The water moccasin zombie is lightly damaged.
The water moccasin zombie bites you.
You hit the water moccasin zombie.
The water moccasin zombie is lightly damaged.
The water moccasin zombie bites you but does no damage.
The hobgoblin shouts!
You hit the water moccasin zombie.
The water moccasin zombie is lightly damaged.
The water moccasin zombie bites you.
* * * LOW HITPOINT WARNING * * *
You closely miss the water moccasin zombie.
The water moccasin zombie is lightly damaged.
The water moccasin zombie bites you.
You die...

#### #..... #⌠⌠# #.$_.#
#__######.$..##....
#..P#........g....#
#''#####..........#
########..##.##..#####...#
#.....#....#.#<......#...#
#.......####.#######.#..##
#..........)....@Z.g....#
.......>#.###.####.#.#..#
#.......#.# #<..........#
..........# #.####.#.#..#
........#.# #.####.#.....
........#.# #....#
.##.#####.# ####.# . #.#
#.######.#
.##.#####........#


You could see a water moccasin zombie and a hobgoblin.

Vanquished Creatures
  2 adders (D:2)
  A howler monkey skeleton (D:3)
  3 dart slugs
  5 ball pythons
  4 endoplasms (D:1)
  2 giant cockroaches
  5 goblins
  2 hobgoblins
  2 quokkas
  2 bats
  3 frilled lizards
  6 kobolds
  7 rats
44 creatures vanquished.

Notes
Turn   | Place    | Note
-------+----------+-------------------------------------------
     0 | D:1      | jimonade the Kobold Brigand began the quest for the Orb.
     0 | D:1      | Reached XP level 1. HP: 12/12 MP: 1/1
   119 | D:1      | Reached XP level 2. HP: 17/17 MP: 2/2
   151 | D:1      | Reached skill level 6 in Stealth
   278 | D:1      | Noticed a centaur
   296 | D:1      | Reached XP level 3. HP: 17/22 MP: 3/3
   770 | D:2      | Reached skill level 7 in Stealth
   796 | D:2      | Reached XP level 4. HP: 27/27 MP: 4/4
   944 | D:2      | Found a faded altar of an unknown god.
  1193 | D:3      | Found a basalt altar of Yredelemnul.
  1193 | D:3      | Found a bloodstained altar of Trog.
  1372 | D:3      | Found an opulent altar of Gozag.
  1403 | D:3      | Slain by a water moccasin zombie

Illustrated notes

Levels and vault maps discovered:
D:1:      evilmike_arrival_come_back, layout_rooms
D:2:      layout_basic, hellmonk_ecumenical_altar_leap_of_faith
D:3:      layout_basic, nicolae_gozag_seed_capital,
          mainiacjoe_overflow_surrounded_room, gammafunk_temple_overflow_wave

Skill      XL: |  1  2  3 |
---------------+----------+-----
Stealth        | 6 7 |  7.8
Fighting       | |  2.3
Short Blades   | |  2.6
Throwing       | |  2.1
Dodging        | |  1.3

Action                   |  1- 3 |  4- 6 || total
-------------------------+-------+-------++-------
Melee: Dagger            |    42 |    29 ||    71
       Punch             |       |     1 ||     1
 Stab: Sleeping          |    25 |     7 ||    32
Armor: Robe              |     2 |     2 ||     4
Dodge: Dodged            |    10 |     9 ||    19
